 Dungeon Crawl Stone Soup version 0.26-a0-1026-g544776af23 (webtiles) character file.

Game seed: 10120021086768483456

339 pablito the Insei (level 6, -4/38 HPs)
             Began as an Octopode Transmuter on Dec 10, 2020.
             Was a Believer of Ru.
             Slain by Duvessa
             ... wielding a +0 short sword
              (8 damage)
             ... on level 5 of the Dungeon.
             The game lasted 00:11:24 (4571 turns).

pablito the Insei (Octopode Transmuter)             Turns: 4571, Time: 00:11:25

Health: -4/38      AC:  2    Str: 10    XL:     6   Next: 55%
Magic:  2/10       EV: 20    Int: 15    God:    Ru [**....]
Gold:   178        SH:  0    Dex: 19    Spells: 5/11 levels left

rFire    . . .     SeeInvis .     - Unarmed
rCold    . . .     Faith    .   (shield currently unavailable)
rNeg     . . .     Spirit   .   (helmet currently unavailable)
rPois    x         Reflect  .   (no amulet)
rElec    .         Harm     .   h - ring of resist corrosion
rCorr    +         Rampage  .   (no ring)
Will     .....                  (no ring)
Stlth    ++........             (no ring)
HPRegen  0.12/turn              (no ring)
MPRegen  0.12/turn              (no ring)
                                (no ring)
                                (no ring)

@: about to teleport, spider-form (expiring), wereblooded
A: tiny, almost no armour, stealthy swim, (amphibious), 8 rings, (constrict 8),
inability to use devices
a: End Transformation, Renounce Religion


You were on level 5 of the Dungeon.
You worshipped Ru.
Ru was pleased with you.
You were a venomous arachnid creature.
You visited 1 branch of the dungeon, and saw 5 of its levels.

You collected 178 gold pieces.

Inventory:

Missiles
 f - 4 atropa-tipped darts
 j - 6 curare-tipped darts (quivered)
Jewellery
 h - a ring of resist corrosion (left front leg)
Scrolls
 b - 2 scrolls of remove curse
 n - 2 scrolls of identify
Potions
 a - a potion of heal wounds {unknown}
 c - a potion of resistance {unknown}
 d - a potion of berserk rage {unknown}
 e - 3 potions of lignification
 g - a potion of attraction {unknown}
 i - a potion of haste {unknown}
 k - a potion of ambrosia {unknown}
 l - 2 potions of brilliance {unknown}
 m - a potion of degeneration {unknown}
 p - a potion of magic {unknown}
 q - 2 potions of mutation {unknown}


   Skills:
 + Level 1.1 Fighting
 - Level 2.0 Dodging
 + Level 2.1 Shields
 * Level 4.7 Unarmed Combat
 + Level 3.0 Spellcasting
 * Level 4.2 Transmutations
 + Level 0.2 Ice Magic


You had 5 spell levels left.
You knew the following spells:

 Your Spells              Type           Power        Failure   Level
a - Beastly Appendage     Tmut           ##....       12%         1
b - Spider Form           Tmut/Pois      #.........   47%         3
c - Wereblood             Tmut           ##......     16%         2

Your spell library contained the following spells:

 Spells                   Type           Power        Failure   Level
 Freeze                   Ice            #...         38%         1
 Frozen Ramparts          Ice            #.....       71%         3
 Ozocubu's Armour         Ice            #.......     71%         3
 Ice Form                 Ice/Tmut       #.......     82%         4
 Blade Hands              Tmut           ##........   86%         5
 Hailstorm                Conj/Ice       #.......     96%         4
 Summon Ice Beast         Ice/Summ       #.......     96%         4


Dungeon Overview and Level Annotations

Branches:
Dungeon (5/15)             Temple (0/1) D:4

Altars:
Ru

Annotations:
D:5 Duvessa


Innate Abilities, Weirdness & Mutations

You cannot wear most types of armour.
You are very stealthy in the water. (Stealth+)
((You are amphibious.))
You can wear up to eight rings at the same time.
((You can use your tentacles to constrict eight enemies at once.))
((Your skin changes colour to match your surroundings (Stealth+).))
((Your rubbery body absorbs attacks. (AC +1, EV +1)))
You cannot study or use magical devices.


Message History

Duvessa closely misses you.
You hit Duvessa but do no damage.
Duvessa looks as sick as possible!
Duvessa is lightly wounded.
Your transformation is almost over.
Duvessa barely misses you.
You redirect Duvessa's attack!
Duvessa hits herself but does no damage.
You hit Duvessa but do no damage.
Duvessa looks as sick as possible!
Duvessa is lightly wounded.
Duvessa hits you with a +0 short sword!
* * * LOW HITPOINT WARNING * * *
Duvessa is stunned by your conviction and fails to attack.
Duvessa rages.
Duvessa misses you.
Okay, then.
Okay, then.
As you read the scroll of teleportation, it crumbles to dust.
You feel strangely unstable. Duvessa barely misses you.
Duvessa hits you with a +0 short sword!
You die...

#..# ###'######
#..#########..# #.........
#.............# #.........
#.###########.# #..)......
#.# #.###......... #.#
#...'......... #.#
#####.........
#.###############.........
#)........)...se....######
#####################


You could see Duvessa (berserk, extremely poisoned).

Vanquished Creatures
  Dowan (D:5)
  2 worker ants
  Natasha (thrice) (D:2)
  A hound skeleton (D:4)
  5 adders
  A shadow imp (D:5)
  2 oozes
  An adder skeleton (D:4)
  3 worms
  3 dart slugs
  A leopard gecko (D:3)
  11 orcs
  2 giant cockroaches
  3 goblins
  6 hobgoblins
  5 quokkas
  A ball python (D:1)
  9 bats
  6 frilled lizards
  3 kobolds
  12 rats
81 creatures vanquished.

Notes
Turn   | Place    | Note
-------+----------+-------------------------------------------
     0 | D:1      | pablito the Octopode Transmuter began the quest for the
                  | Orb.
     0 | D:1      | Reached XP level 1. HP: 13/13 MP: 3/3
   330 | D:1      | Reached XP level 2. HP: 16/18 MP: 5/5
   963 | D:2      | Reached XP level 3. HP: 20/23 MP: 6/6
  1238 | D:2      | Noticed Natasha
  1244 | D:2      | Killed Natasha
  1245 | D:2      | Reached skill level 1 in Shields
  1298 | D:2      | Reached XP level 4. HP: 28/28 MP: 5/7
  1534 | D:2      | Noticed Natasha
  1540 | D:2      | Killed Natasha
  1919 | D:2      | Noticed Natasha
  1934 | D:2      | Killed Natasha
  1935 | D:2      | Reached XP level 5. HP: 10/33 MP: 8/8
  2293 | D:3      | Found a sacrificial altar of Ru.
  2321 | D:3      | Became a worshipper of Ru the Awakened
  2462 | D:3      | HP: 3/33 [adder (2)]
  2675 | D:3      | Learned a level 3 spell: Spider Form
  2678 | D:3      | Learned a level 2 spell: Wereblood
  3181 | D:3      | Reached XP level 6. HP: 36/38 MP: 6/10
  3641 | D:4      | Gained mutation: You cannot study or use magical devices.
                  | [Ru sacrifice]
  3641 | D:4      | Reached * piety under Ru
  3641 | D:4      | Reached ** piety under Ru
  3995 | D:4      | Found a staircase to the Ecumenical Temple.
  4430 | D:5      | Entered Level 5 of the Dungeon
  4540 | D:5      | Noticed Dowan
  4545 | D:5      | Noticed Duvessa
  4560 | D:5      | Killed Dowan
  4566 | D:5      | HP: 3/38 [Duvessa/+0 short sword (13)]
  4571 | D:5      | Slain by Duvessa

Illustrated notes

Levels and vault maps discovered:
D:1:      psy_arrival_conway, layout_basic
D:2:      layout_basic, uniq_natasha
D:3:      layout_basic, nicolae_ru_awakened_eye, grunt_ministairs_14,
          minmay_cut_off
D:4:      layout_basic, minmay_temple_entry_arrows
D:5:      layout_basic, cheibrodos_ashenzari_chains, uniq_duvessa, uniq_grinder,
          uniq_sigmund

Skill      XL: |  1  2  3  4  5  6 |
---------------+-------------------+-----
Shields        | 1 2 |  2.1
Transmutations | 3 4 |  4.2
Unarmed Combat | 4 |  4.7
Spellcasting   | 3 |  3.0
Fighting       | |  1.1
Dodging        | |  2.0
Ice Magic      | |  0.2

Action                   |  1- 3 |  4- 6 || total
-------------------------+-------+-------++-------
Melee: Unarmed           |    48 |   139 ||   187
       Constrict         |    15 |    27 ||    42
       Kick              |     6 |    11 ||    17
       Tentacles         |     9 |    18 ||    27
       Punch             |     1 |     5 ||     6
Throw: Dart              |     3 |    10 ||    13
 Cast: Beastly Appendage |     6 |    13 ||    19
       Spider Form       |       |     7 ||     7
       Wereblood         |       |     1 ||     1
Invok: Sacrifice Artific |       |     1 ||     1
  Use: Scroll            |     3 |     5 ||     8
       Potion            |       |     2 ||     2
 Stab: Sleeping          |     4 |    13 ||    17
       Invisible         |     1 |     1 ||     2
Armor: Skin              |     5 |     8 ||    13
Dodge: Dodged            |    40 |    93 ||   133

Table legend: (Time is in decaauts)
 A = Elapsed time spent in this place.
 B = Non-inter-level travel time spent in this place.
 C = Inter-level travel time spent in this place.
 D = Time resting spent in this place.
 E = Time spent auto-exploring this place.
 F = Levels seen in this place.
 G = Mean time per level.
                   A        B        C        D        E       F      G
               +--------+--------+--------+--------+--------+-----+--------+
         Total |   4556 |   4397 |    159 |    493 |   3191 |   5 |  911.2 |
       Dungeon |   4556 |   4397 |    159 |    493 |   3191 |   5 |  911.2 |
               +--------+--------+--------+--------+--------+-----+--------+

Top non-repeatable levels by time:
     D:2: 1512 daAuts
     D:3: 1274 daAuts
     D:4: 890 daAuts
     D:1: 738 daAuts
     D:5: 139 daAuts
